 Dungeon Crawl Stone Soup version 0.25-a0-934-g041635d5d1 (webtiles) character file.

Game seed: 10539410253209844250, levelgen mode: deterministic

294 Azyl the Firebug (level 6, 0/45 HPs)
             Began as a Draconian Fire Elementalist on May 4, 2020.
             Slain by Natasha (5 damage)
             ... on level 2 of the Dungeon.
             The game lasted 00:12:24 (2008 turns).

Azyl the Firebug (Draconian Fire Elementalist)      Turns: 2008, Time: 00:12:24

Health: 0/45       AC:  6    Str: 10    XL:     6   Next: 11%
Magic:  0/10       EV: 12    Int: 17    God:
Gold:   69         SH:  0    Dex: 12    Spells: 3/11 levels left

rFire    . . .     SeeInvis +   n - +0 scythe (venom)
rCold    + . .     Gourm    .   (shield currently unavailable)
rNeg     . . .     Faith    .   (armour unavailable)
rPois    .         Spirit   .   (helmet restricted)
rElec    .         Reflect  .   (no cloak)
rCorr    .         Harm     .   (no gloves)
MR       .....                  (no boots)
Stlth    ++........             (no amulet)
HPRegen  0.15/turn              j - ring of see invisible
MPRegen  0.12/turn              k - ring of protection from cold

@: slowed, very slow
A: unfitting armour, cold-blooded, AC +6
a: no special abilities


You were on level 2 of the Dungeon.
You were not hungry.

You visited 1 branch of the dungeon, and saw 2 of its levels.

You collected 69 gold pieces.

Inventory:

Hand Weapons
 c - a +0 hand axe
 n - a +0 scythe of venom (weapon)
Missiles
 g - 30 stones (quivered)
 l - 45 sling bullets
Jewellery
 j - a ring of see invisible (left hand)
 k - a ring of protection from cold (right hand)
Wands
 o - a wand of polymorph (9)
Scrolls
 a - a scroll of enchant armour {unknown}
 e - 3 scrolls of identify {unknown}
 f - a scroll of fear {unknown}
 m - a scroll of amnesia {unknown}
Potions
 d - a potion of stabbing {unknown}
 h - a potion of lignification {unknown}
 i - a potion of brilliance {unknown}
 q - a potion of flight {unknown}
Comestibles
 b - 4 rations
 p - a chunk of flesh


   Skills:
 - Level 0.4 Axes
 - Level 1.7 Dodging
 - Level 1.7 Stealth
 + Level 3.3 Spellcasting
 + Level 1.9 Conjurations
 * Level 5.9 Fire Magic


You had 3 spell levels left.
You knew the following spells:

 Your Spells              Type           Power        Failure   Level  Hunger
a - Foxfire               Conj/Fire      ###.         3%          1    None
b - Conjure Flame         Conj/Fire      ###.....     10%         3    ###....
c - Sticky Flame          Conj/Fire      ###.....     32%         4    ####...

Your spell library contained the following spells:

 Spells                   Type           Power        Failure   Level  Hunger
 Inner Flame              Hex/Fire       ##......     16%         3    ###....
 Fireball                 Conj/Fire      ###.......   67%         5    ######.


Dungeon Overview and Level Annotations

Branches:
Dungeon (2/15)

Altars:

Annotations:
D:2 Natasha


Innate Abilities, Weirdness & Mutations

Your plain brown scales are hard. (AC +6)
You cannot fit into any form of body armour.
You are cold-blooded and may be slowed by cold attacks.


Message History

Natasha casts a spell.
Natasha claws you but does no damage.
Casting: Conjure Flame (dangerous; 10% risk of failure)
Confirm with . or Enter, or press ? or * to list all spells.
The fire begins to smolder!
Natasha closely misses you.
Casting: Conjure Flame (dangerous; 10% risk of failure)
Confirm with . or Enter, or press ? or * to list all spells.
The fire ignites!
You are engulfed in blazing flames.
Ouch! That really hurt!
* * * LOW HITPOINT WARNING * * *
Natasha closely misses you.
The crimson imp blinks!
Natasha claws you!
* * * LOW HITPOINT WARNING * * *
Natasha mumbles some strange words.
The crimson imp blinks!
Casting: Conjure Flame (dangerous; 10% risk of failure)
Confirm with . or Enter, or press ? or * to list all spells.
You conjure some foxfire!
The crimson imp hits you but does no damage.
Natasha claws you.
You die...

#.......## #.......##
#....)..## ########
#.......## #......#
#.......## #.[....#
#.......## #<.....#
###..#####
#..v...######..## #
#..☼@......##..### #
#..h5v.###.......####
#.###### #####.#....#
#.#8###⌠###8#....#...
#.............##...#.
#.............##.###.
#....................
###8###⌠###8####.....
## #######.##.....


You could see Natasha and a crimson imp.

Vanquished Creatures
  Sigmund (D:2)
  An ogre (D:2)
  2 adders (D:2)
  2 worms (D:2)
  A leopard gecko (D:2)
  A ball python (D:1)
  2 giant cockroaches (D:1)
  3 goblins
  5 hobgoblins
  4 jackals
  A quokka (D:2)
  A bat (D:1)
  2 frilled lizards (D:2)
  2 kobolds
  5 rats
33 creatures vanquished.

Vanquished Creatures (others)
  83 foxfires
83 creatures vanquished.

Grand Total: 116 creatures vanquished

Notes
Turn   | Place    | Note
-------+----------+-------------------------------------------
     0 | D:1      | Azyl the Draconian Fire Elementalist began the quest for
                  | the Orb.
     0 | D:1      | Reached XP level 1. HP: 14/14 MP: 3/3
   296 | D:1      | Reached XP level 2. HP: 17/20 MP: 5/5
  1090 | D:2      | Reached XP level 3. HP: 23/26 MP: 2/6
  1193 | D:2      | Reached skill level 4 in Fire Magic
  1416 | D:2      | Learned a level 3 spell: Conjure Flame
  1425 | D:2      | Noticed an ogre
  1468 | D:2      | Killed an ogre
  1468 | D:2      | Reached XP level 4. HP: 33/33 MP: 4/8
  1540 | D:2      | Noticed Sigmund
  1577 | D:2      | Killed Sigmund
  1577 | D:2      | Reached skill level 5 in Fire Magic
  1577 | D:2      | Reached XP level 5. HP: 38/38 MP: 1/9
  1577 | D:2      | Reached XP level 6. HP: 45/45 MP: 1/10
  1583 | D:2      | Learned a level 4 spell: Sticky Flame
  1995 | D:2      | Noticed Natasha
  2008 | D:2      | Slain by Natasha

Levels and vault maps discovered:
D:1:      minmay_arrival_arboretum_small, layout_loops_ring,
          chequers_serial_rivers_micro_b, minmay_tetromino_i4
D:2:      layout_rooms, corexii_hall_statues_i, uniq_sigmund, uniq_natasha

Skill      XL: |  1  2  3  4 |
---------------+-------------+-----
Fire Magic     | 4 5 |  5.9
Spellcasting   | 3 |  3.3
Axes           | |  0.4
Dodging        | |  1.7
Stealth        | |  1.7
Conjurations   | |  1.9

Action                   |  1- 3 |  4- 6 || total
-------------------------+-------+-------++-------
Melee: Hand axe          |    42 |       ||    42
       Tailslap          |     2 |     2 ||     4
       Scythe            |       |    19 ||    19
 Cast: Foxfire           |    36 |    15 ||    51
       Conjure Flame     |       |     5 ||     5
  Eat: Chunk             |     2 |     1 ||     3
       Ration            |       |     1 ||     1
Armor: Skin              |    19 |    17 ||    36
Dodge: Dodged            |    37 |    18 ||    55

Table legend:
 A = Non-vault XP
 B = Vault XP
 C = Vault XP percentage of total XP
 D = Non-vault monster count
 E = Vault monster count
 F = Vault count percentage of total count
                 A         B        C        D         E       F
            +---------+---------+-------+---------+---------+-------
      Total |     197 |     224 |  53.2 |      29 |       4 |  12.1
            +---------+---------+-------+---------+---------+-------
        D:1 |      14 |       4 |  22.2 |       8 |       3 |  27.3
        D:2 |     183 |     220 |  54.6 |      21 |       1 |   4.5
            +---------+---------+-------+---------+---------+-------
